 Dungeon Crawl Stone Soup version 0.27-a0-1590-g15f6982 (webtiles) character file.

Game seed: 14328296227778079259

38 Geeful the Skirmisher (level 3, -11/29 HPs)
             Began as a Demonspawn Abyssal Knight on July 18, 2021.
             Was a Follower of Lugonu.
             Mangled by Crazy Yiuf (18 damage)
             ... on level 2 of the Dungeon.
             The game lasted 00:04:19 (2231 turns).

Geeful the Skirmisher (Demonspawn Abyssal Knight)   Turns: 2231, Time: 00:04:19

Health: -11/29     AC:  3    Str: 13    XL:     3   Next: 25%
Magic:  5/5        EV: 11    Int: 13    God:    Lugonu [*.....]
Gold:   107        SH:  0    Dex: 14    Spells: 2/2 levels left

rFire    . . .     SeeInvis .     - Unarmed
rCold    . . .     Faith    .   (no shield)
rNeg     . . .     Spirit   .   a - +0 leather armour
rPois    .         Reflect  .   (no helmet)
rElec    .         Harm     .   (no cloak)
rCorr    +         Rampage  .   (no gloves)
Will     .....                  (no boots)
Stlth    ++........             (no amulet)
HPRegen  0.09/turn              g - ring of resist corrosion
MPRegen  0.09/turn              (no ring)

@: lethally poisoned (-11 -> -18)
A: thin skeletal structure 1, powered by death 1
a: Renounce Religion, Depart the Abyss


You were on level 2 of the Dungeon.
You worshipped Lugonu.
Lugonu was aware of your devotion.
You visited 1 branch of the dungeon, and saw 2 of its levels.
You visited the Abyss 1 time.

You collected 107 gold pieces.

Inventory:

Armour
 a - a +0 leather armour (worn)
Jewellery
 g - a ring of resist corrosion (left hand)
Wands
 e - a wand of acid (7)
Scrolls
 b - a scroll of enchant armour {unknown}
 c - 2 scrolls of identify {unknown}
 d - a scroll of teleportation {unknown}
 f - a scroll of immolation {unknown}
 h - a scroll of blinking {unknown}
 j - a scroll of fear {unknown}


   Skills:
 + Level 3.3 Fighting
 + Level 2.1 Armour
 + Level 1.4 Dodging
 + Level 2.1 Unarmed Combat
 + Level 3.0 Invocations


You had 2 spell levels left.
You didn't know any spells.
Your spell library was empty.

Dungeon Overview and Level Annotations

Branches:
Dungeon (2/15)

Altars:

Annotations:
D:2 Crazy Yiuf


Innate Abilities, Weirdness & Mutations

You have a somewhat thin skeletal structure. (Dex +2, Stealth+)
You regenerate a little health from kills.


Message History

You open the door.
There is an open door here.
Found 20 stones.
You see here 20 stones.
A goblin comes into view. It is wielding a +0 club.
The goblin shouts!
The goblin barely misses you.
You hit the goblin.
You kill the goblin!
Lugonu accepts your kill.
No target in view!
You see here a +0 club.
Found a scroll labelled SEZAUGR KAGEMP.
c - 2 scrolls labelled SEZAUGR KAGEMP (gained 1)
There is an escape hatch in the ceiling here.
There is an open door here.
Found a stone staircase leading down.
There is a stone staircase leading down here.
Found a stone staircase leading up.
There is an open door here.
There is an escape hatch in the ceiling here.
Search for what [? for help]? armour As you open the door, it creaks loudly!
Crazy Yiuf shouts!
You hit Crazy Yiuf but do no damage. Crazy Yiuf closely misses you.
You hit Crazy Yiuf.
Crazy Yiuf is lightly wounded.
Crazy Yiuf hits you with a +4 quarterstaff of chaos.
You are poisoned.
You barely miss Crazy Yiuf.
Crazy Yiuf is lightly wounded.
You feel very sick. Crazy Yiuf barely misses you.
You hit Crazy Yiuf.
Crazy Yiuf is moderately wounded.
You feel sick.
Crazy Yiuf hits you with a +4 quarterstaff of chaos!
* * * LOW HITPOINT WARNING * * *
You are electrocuted!!
Ouch! That really hurt!
You die...

..####.....###....##
########...# #....#
......###..# ♣....♣
#####.###..# ♣...♣♣
#.....># ♣♣.♣♣
######## ♣.♣♣ ♣♣.♣
♣.♣♣ ♣♣@♣ #g# ...
#...# #..)# #####


You could see Crazy Yiuf.

Vanquished Creatures
  7 ball pythons
  4 endoplasms
  3 goblins
  2 hobgoblins (D:1)
  3 kobolds (D:1)
  4 quokkas
  6 bats (D:1)
  A frilled lizard (D:1)
  3 rats
33 creatures vanquished.

Notes
Turn   | Place    | Note
-------+----------+-------------------------------------------
     0 | Abyss:1  | Geeful the Demonspawn Abyssal Knight began the quest for
                  | the Orb.
     0 | Abyss:1  | Reached XP level 1. HP: 18/18 MP: 2/2
   110 | Abyss:1  | Noticed a tentacled starspawn
   110 | D:1      | Escaped the Abyss
   150 | D:1      | Reached skill level 1 in Dodging
   150 | D:1      | Found a faded altar of an unknown god.
   476 | D:1      | Gained mutation: You have a somewhat thin skeletal
                  | structure. (Dex +2, Stealth+) [demonic ancestry]
   476 | D:1      | Reached XP level 2. HP: 21/24 MP: 4/4
   575 | D:1      | Reached * piety under Lugonu
  1370 | D:1      | Gained mutation: You regenerate a little health from kills.
                  | [demonic ancestry]
  1370 | D:1      | Reached XP level 3. HP: 29/29 MP: 5/5
  1833 | D:2      | Found a runed translucent door.
  1834 | D:2      | Noticed Crazy Yiuf
  2231 | D:2      | Mangled by Crazy Yiuf

Illustrated notes

Levels and vault maps discovered:
D:1:      dpeg_arrival_radiant, layout_basic, dreamdust_ecumenical_altar_grove,
          chequers_avenue
D:2:      layout_basic, hex_large, minmay_misc_feat_roman, roderic_lattice_a,
          uniq_crazy_yiuf_cottage

Skill      XL: |  1  2 |
---------------+-------+-----
Dodging        | 1 |  1.4
Armour         | 2 |  2.1
Unarmed Combat | 2 |  2.1
Invocations    | 3 |  3.0
Fighting       | |  3.3

Action                   || total
-------------------------++-------
Melee: Unarmed           ||   133
       Punch             ||     3
Invok: Depart the Abyss  ||     1
  Use: Potion            ||     2
 Stab: Sleeping          ||     3
Armor: Leather armour    ||    44
Dodge: Dodged            ||    90

Table legend: (Time is in decaauts)
 A = Elapsed time spent in this place.
 B = Non-inter-level travel time spent in this place.
 C = Inter-level travel time spent in this place.
 D = Time resting spent in this place.
 E = Time spent auto-exploring this place.
 F = Levels seen in this place.
 G = Mean time per level.
                   A        B        C        D        E       F      G
               +--------+--------+--------+--------+--------+-----+--------+
         Total |   2224 |   2212 |     12 |     66 |   1830 |   3 |  741.3 |
       Dungeon |   2114 |   2102 |     12 |      0 |   1830 |   2 | 1057.0 |
         Abyss |    110 |    110 |      0 |     66 |      0 |   1 |  110.0 |
               +--------+--------+--------+--------+--------+-----+--------+

Top non-repeatable levels by time:
     D:1: 1271 daAuts
     D:2: 843 daAuts
 Abyss:1: 110 daAuts
